 Dungeon Crawl Stone Soup version 0.29-a0-82-g837932c90e (webtiles) character file.

Game seed: 1049743816127052247

98 lordive the Sneak (level 4, -5/21 HPs)
             Began as a Spriggan Enchanter on Feb 5, 2022.
             Slain by an orc (8 damage)
             ... on level 4 of the Dungeon.
             The game lasted 00:05:25 (2421 turns).

lordive the Sneak (Spriggan Enchanter)              Turns: 2421, Time: 00:05:26

Health: -5/21      AC:  2    Str:  4    XL:     4   Next: 43%
Magic:  9/9        EV: 17    Int: 18    God:
Gold:   84         SH:  0    Dex: 15    Spells: 1/9 levels left

rFire   . . .      SeeInvis +   a - +1 dagger
rCold   . . .      Faith    .   (no shield)
rNeg    . . .      Spirit   .   b - +0 robe
rPois   .          Reflect  .   (helmet restricted)
rElec   .          Harm     .   (no cloak)
rCorr   .          Rampage  .   (gloves unavailable)
Will    .....                   (boots unavailable)
Stlth   +++.......              e - amulet of regeneration
HPRegen 0.87/turn               (no ring)
MPRegen 0.11/turn               (no ring)

@: very quick
A: very small, no large weapons, unfitting armour, see invisible, speed 3
a: no special abilities


You were on level 4 of the Dungeon.
You visited 1 branch of the dungeon, and saw 4 of its levels.

You collected 84 gold pieces.

Inventory:

Hand Weapons
 a - a +1 dagger (weapon)
Armour
 b - a +0 robe (worn)
Jewellery
 e - an amulet of regeneration (around neck)
 h - a ring of flight
 i - a +4 ring of protection
Scrolls
 f - a scroll of identify {unknown}
 j - a scroll of acquirement {unknown}
 k - a scroll of teleportation {unknown}
 l - a scroll of brand weapon {unknown}
Potions
 c - a potion of invisibility
 d - a potion of might {unknown}
 g - a potion of mutation {unknown}
 m - 2 potions of attraction {unknown}


   Skills:
 * Level 0.7 Fighting
 * Level 2.1 Short Blades
 * Level 0.7 Armour
 * Level 3.3 Dodging
 + Level 5.1 Stealth
 + Level 3.2 Spellcasting
 * Level 4.2 Hexes
 + Level 0.4 Ice Magic


You had one spell level left.
You knew the following spells:

 Your Spells              Type           Power      Damage    Failure   Level
a - Ensorcelled Hibernat  Hex/Ice        22%        N/A       10%         2
b - Confusing Touch       Hex            18%        N/A       9%          3
c - Tukima's Dance        Hex            18%        N/A       9%          3

Your spell library contained the following spells:

 Spells                   Type           Power      Damage    Failure   Level
 Animate Skeleton         Necr           4%         N/A       16%         1
 Foxfire                  Conj/Fire      8%         2x1d4     16%         1
 Pain                     Necr           8%         1d4       16%         1
 Dazzling Flash           Conj/Hex       20%        N/A       21%         3
 Inner Flame              Hex/Fire       10%        N/A       21%         3
 Conjure Flame            Conj/Fire      2%         6-21      43%         3
 Vampiric Draining        Necr           2%         2d6       43%         3
 Flame Wave               Conj/Fire      2%         2d4       85%         4


Dungeon Overview and Level Annotations

Branches:
Dungeon (4/15)
 Temple: D:4-7

Altars:

Annotations:
D:2 Sigmund


Innate Abilities, Weirdness & Mutations

You are very small and have problems with some larger weapons.
You are too small for most types of armour.
You have supernaturally acute eyesight. (SInv)
You cover ground extremely quickly. (Speed+++)


Message History

There is an open door here.
Found 24 stones.
Found a stone staircase leading up.
You now have 63 gold pieces (gained 14).
m - 2 ruby potions (gained 1) Done exploring.
Done exploring.
Done exploring.
Done exploring.
(D) Dungeon
Where to? (Enter - D:2 @ (x,y), ? - help)
What level of the Dungeon? (default 1, ? - help)
There is an open door here.
There is a stone staircase leading down here.
You climb downwards.
There is a stone staircase leading up here.
There is a stone staircase leading up here.
Found 30 bolts.
You pick up a book of Flames and begin reading...
You add the spells Foxfire, Conjure Flame, Inner Flame and Flame Wave to your library.
You now have 81 gold pieces (gained 18).
You now have 84 gold pieces (gained 3).
An orc comes into view. It is wielding a +0 trident of flaming.
Found a scroll labelled IDGHIO FIYROU.
An orc is nearby!
An orc is nearby!
An orc comes into view. It is wielding a +0 whip.
An orc comes into view. It is wielding a +0 hand axe.
Found a stone staircase leading up.
The helpless orc fails to defend itself.
You impale the orc!!
You kill the orc!
The orc shouts! x2
The orc closely misses you. The orc hits you with a +0 whip.
You barely miss the orc. The orc hits you with a +0 whip.
The orc hits you with a +0 trident of flaming!
The orc burns you.
* * * LOW HITPOINT WARNING * * *
Unknown command.
The orc hits you from afar with a +0 trident of flaming!
You die...

#.# #.# #.# #.# #.#
#####.############
#................#
.............###.#
#.###.######.###@###
. ...# #.#)....#
##### #.#oo....<..
#.#.......##
.....##.#.# ..#...
.#.# ###### ## #


You could see 2 orcs.

Vanquished Creatures
  An orc priest (D:3)
  An adder (D:2)
  2 worms (D:3)
  A dart slug (D:1)
  5 orcs
  6 ball pythons
  5 endoplasms
  3 giant cockroaches
  3 goblins
  3 hobgoblins
  2 jackals (D:1)
  A quokka (D:1)
  4 bats
  2 frilled lizards
  2 kobolds (D:2)
  6 rats
47 creatures vanquished.

Notes
Turn   | Place    | Note
-------+----------+-------------------------------------------
     0 | D:1      | lordive the Spriggan Enchanter began the quest for the Orb.
     0 | D:1      | Reached XP level 1. HP: 9/9 MP: 5/5
   201 | D:1      | Reached XP level 2. HP: 13/13 MP: 6/6
   204 | D:1      | Learned a level 2 spell: Ensorcelled Hibernation
  1189 | D:2      | Noticed Sigmund
  1274 | D:3      | Reached XP level 3. HP: 15/16 MP: 8/8
  1287 | D:3      | Learned a level 3 spell: Confusing Touch
  1291 | D:3      | Learned a level 3 spell: Tukima's Dance
  1489 | D:2      | Found a faded altar of an unknown god.
  1886 | D:2      | Reached skill level 5 in Stealth
  1960 | D:3      | Reached XP level 4. HP: 21/21 MP: 2/9
  2421 | D:4      | Slain by an orc

Illustrated notes

Levels and vault maps discovered:
D:1:      psy_arrival_radial01, layout_loops_ring
D:2:      layout_loops_ring, basic_altar, basic_ecumenical_altar,
          minmay_octomino_e4, uniq_sigmund
D:3:      layout_basic
D:4:      layout_loops_ring

Skill      XL: |  1  2  3 |
---------------+----------+-----
Dodging        | 3 |  3.3
Spellcasting   | 3 |  3.2
Hexes          | 4 |  4.2
Stealth        | 5 |  5.1
Short Blades   | 2 |  2.1
Fighting       | |  0.7
Armour         | |  0.7
Ice Magic      | |  0.4

Action                   |  1- 3 |  4- 6 || total
-------------------------+-------+-------++-------
Melee: Dagger            |   111 |    25 ||   136
 Cast: Ensorcelled Hiber |    33 |     5 ||    38
       Tukima's Dance    |     2 |       ||     2
       Confusing Touch   |     1 |       ||     1
 Stab: Sleeping          |    22 |     4 ||    26
       Confused          |     1 |       ||     1
Armor: Robe              |     6 |     2 ||     8
Dodge: Dodged            |   115 |    21 ||   136

Table legend: (Time is in decaauts)
 A = Elapsed time spent in this place.
 B = Non-inter-level travel time spent in this place.
 C = Inter-level travel time spent in this place.
 D = Time resting spent in this place.
 E = Time spent auto-exploring this place.
 F = Levels seen in this place.
 G = Mean time per level.
                   A        B        C        D        E       F      G
               +--------+--------+--------+--------+--------+-----+--------+
         Total |   1872 |   1809 |     63 |    309 |   1056 |   4 |  468.0 |
       Dungeon |   1872 |   1809 |     63 |    309 |   1056 |   4 |  468.0 |
               +--------+--------+--------+--------+--------+-----+--------+

Top non-repeatable levels by time:
     D:1: 875 daAuts
     D:3: 616 daAuts
     D:2: 334 daAuts
     D:4: 46 daAuts
